 Dungeon Crawl Stone Soup version 0.30.1 (webtiles) character file.

Game seed: 6597464048065804886

72 javelincjr the Magician (level 4, 0/32 HPs)
             Began as a Gnoll Hedge Wizard on July 8, 2023.
             Slain by an orc
             ... wielding a +0 flail
              (5 damage)
             ... on level 2 of the Dungeon.
             The game lasted 00:05:37 (1244 turns).

javelincjr the Magician (Gnoll Hedge Wizard)        Turns: 1244, Time: 00:05:38

Health: 0/32       AC:  6    Str: 10    XL:     4   Next: 26%
Magic:  22/22      EV:  9    Int: 15    God:
Gold:   57         SH:  0    Dex: 11    Spells: 12/17 levels left

rFire   + . .        e - +0 hand axe
rCold   + . .        (no shield)
rNeg    . . .        g - +0 scale mail
rPois   +            c - +0 hat
rElec   +            (no cloak)
rCorr   +            (no gloves)
SInv    .            (no boots)
Will    .....        (no amulet)
Stlth   +            l - ring of magical power
HPRegen 0.25/turn    (no ring)
MPRegen 0.18/turn

%: no passive effects
@: mighty, resistant, flying
A: fangs 1, strong nose, distributed training
a: no special abilities


You were on level 2 of the Dungeon.
You visited 1 branch of the dungeon, and saw 2 of its levels.

You collected 57 gold pieces.

Inventory:

Hand Weapons
 a - a +0 dagger
 e - a +0 hand axe (weapon)
Armour
 b - a +0 robe
 c - a +0 hat (worn)
 g - a +0 scale mail (worn)
 j - a +0 leather armour
Jewellery
 l - a ring of magical power (left hand)
Scrolls
 h - a scroll of immolation {unknown}
 n - a scroll of identify {unknown}
 o - a scroll of noise {unknown}
 p - a scroll of vulnerability {unknown}
Potions
 d - a potion of magic
 i - a potion of resistance
 m - a potion of haste {unknown}


   Skills:
 + Level 1.1 Fighting
 + Level 1.1 Short Blades
 + Level 1.1 Long Blades
 + Level 1.1 Axes
 + Level 1.1 Maces & Flails
 + Level 1.1 Polearms
 + Level 1.1 Staves
 + Level 1.1 Ranged Weapons
 + Level 1.1 Throwing
 + Level 1.1 Armour
 + Level 4.6 Dodging
 + Level 4.2 Stealth
 + Level 1.1 Shields
 + Level 1.1 Unarmed Combat
 + Level 7.2 Spellcasting
 + Level 2.2 Conjurations
 + Level 0.9 Hexes
 + Level 2.2 Summonings
 + Level 0.9 Necromancy
 + Level 2.2 Translocations
 + Level 0.9 Transmutations
 + Level 0.9 Fire Magic
 + Level 0.9 Ice Magic
 + Level 0.9 Air Magic
 + Level 0.9 Earth Magic
 + Level 0.9 Poison Magic
 + Level 1.2 Invocations
 + Level 1.1 Evocations


You had 12 spell levels left.
You knew the following spells:

 Your Spells              Type           Power      Damage    Failure   Level
a - Magic Dart            Conj           48%        1d5       36%         1
b - Call Imp              Summ           24%        N/A       50%         2
c - Blink                 Tloc           24%        N/A       50%         2

Your spell library contained the following spells:

 Spells                   Type           Power      Damage    Failure   Level
 Freeze                   Ice            32%        1d5       54%         1
 Slow                     Hex            32%        N/A       54%         1
 Cigotuvi's Dreadful Rot  Necr/Pois/Air  16%        N/A       67%         2
 Hailstorm                Conj/Ice       10%        3d5       82%         3
 Mephitic Cloud           Conj/Pois/Air  9%         N/A       83%         3
 Frozen Ramparts          Ice            16%        1d3       88%         3


Dungeon Overview and Level Annotations

Branches:
Dungeon (2/15)

Altars:


Innate Abilities, Weirdness & Mutations

You have very sharp teeth.
Your uncanny sense of smell can sniff out nearby items.
Your experience applies equally to all skills.


Message History

The orc hits you with a +0 whip. The orc hits you but does no damage.
You closely miss the orc.
The orc shouts!
Your bite misses the orc.
The orc is almost dead.
The orc hits you but does no damage.
You hit the orc.
You kill the orc!
You closely miss the orc. The orc closely misses you.
You barely miss the orc. Your bite misses the orc.
The orc hits you but does no damage. The orc hits you with a +0 flail.
You hit the orc.
The orc is heavily wounded.
The orc hits you but does no damage.
The orc priest calls upon Beogh to heal the orc.
The orc's wounds heal themselves!
You hit the orc but do no damage. The orc hits you with a +0 flail.
You closely miss the orc.
A kobold comes into view. It is wielding a +0 club.
The orc closely misses you.
The orc priest calls down the wrath of Beogh upon you.
Beogh smites you!
You are too injured to fight recklessly!
You barely miss the orc. The orc hits you with a +0 flail.
* * * LOW HITPOINT WARNING * * *
The orc priest looks satisfied for a moment.
The orc barely misses you.
You hit the orc but do no damage. The orc hits you with a +0 flail.
* * * LOW HITPOINT WARNING * * *
It was a potion of flight.
You feel very buoyant.
You fly up into the air.
The orc closely misses you.
It was a potion of resistance.
You feel protected. The orc hits you with a +0 flail.
* * * LOW HITPOINT WARNING * * *
It was a potion of might.
You feel very mighty all of a sudden. The orc hits you with a +0 flail.
You die...

#.# #######...#
#.# #.# ### #...#
#.# #..∆ ....# #
#.# #.# ##..## #
#.# #.# #..# #
#.### #.# #..#
#...# #.# ###.#
#.# #.# #@# #.#
###o### #.#
#.?oo/#
#.#####.###K.oo..
#.......# .####.
#######.# # #...
.##.# # ...


You could see an orc priest, 2 orcs and a kobold.

Vanquished Creatures
  Natasha (D:2)
  A worm (D:2)
  3 dart slugs (D:1)
  An orc (D:2)
  4 endoplasms
  2 goblins
  2 hobgoblins
  3 jackals (D:1)
  A quokka (D:1)
  3 ball pythons
  4 bats
  A frilled lizard (D:1)
  5 kobolds
  2 rats (D:2)
33 creatures vanquished.

Vanquished Creatures (collateral kills)
  A ball python (D:1)
1 creature vanquished.

Grand Total: 34 creatures vanquished

Notes
Turn   | Place    | Note
-------+----------+-------------------------------------------
     0 | D:1      | javelincjr the Gnoll Hedge Wizard began the quest for the
                  | Orb.
     0 | D:1      | Reached XP level 1. HP: 13/13 MP: 8/8
    75 | D:1      | Reached XP level 2. HP: 9/19 MP: 0/10
    81 | D:1      | Learned a level 2 spell: Call Imp
    84 | D:1      | Learned a level 2 spell: Blink
   458 | D:1      | Reached XP level 3. HP: 13/25 MP: 11/11
   837 | D:2      | Reached skill level 1 in Invocations
   848 | D:2      | Noticed Natasha
   857 | D:2      | Killed Natasha
   858 | D:2      | Reached skill level 1 in Fighting
   858 | D:2      | Reached skill level 1 in Short Blades
   858 | D:2      | Reached skill level 1 in Long Blades
   858 | D:2      | Reached skill level 1 in Axes
   858 | D:2      | Reached skill level 1 in Maces & Flails
   858 | D:2      | Reached skill level 1 in Polearms
   858 | D:2      | Reached skill level 1 in Staves
   858 | D:2      | Reached skill level 1 in Ranged Weapons
   858 | D:2      | Reached skill level 1 in Throwing
   858 | D:2      | Reached skill level 1 in Armour
   858 | D:2      | Reached skill level 1 in Shields
   858 | D:2      | Reached skill level 1 in Unarmed Combat
   858 | D:2      | Reached skill level 1 in Evocations
   858 | D:2      | Reached XP level 4. HP: 20/32 MP: 13/13
  1244 | D:2      | Slain by an orc

Illustrated notes

Levels and vault maps discovered:
D:1:      amcnicky_arrival_flooded_fountain, layout_rooms
D:2:      layout_loops_ring, serial_shops, shop, st_stairs_7, uniq_natasha

Skill      XL: |  1  2  3 |
---------------+----------+-----
Conjurations   | 2 |  2.2
Summonings     | 2 |  2.2
Translocations | 2 |  2.2
Invocations    | 1 |  1.2
Fighting       | 1 |  1.1
Short Blades   | 1 |  1.1
Long Blades    | 1 |  1.1
Axes           | 1 |  1.1
Maces & Flails | 1 |  1.1
Polearms       | 1 |  1.1
Staves         | 1 |  1.1
Ranged Weapons | 1 |  1.1
Throwing       | 1 |  1.1
Armour         | 1 |  1.1
Shields        | 1 |  1.1
Unarmed Combat | 1 |  1.1
Evocations     | 1 |  1.1
Dodging        | |  4.6
Stealth        | |  4.2
Spellcasting   | |  7.2
Hexes          | |  0.9
Necromancy     | |  0.9
Transmutations | |  0.9
Fire Magic     | |  0.9
Ice Magic      | |  0.9
Air Magic      | |  0.9
Earth Magic    | |  0.9
Poison Magic   | |  0.9

Action                     |  1- 3 |  4- 6 || total
---------------------------+-------+-------++-------
  Melee: Dagger            |    16 |       ||    16
         Bite              |     9 |     2 ||    11
         Hand axe          |    96 |    48 ||   144
   Cast: Magic Dart        |    13 |       ||    13
         Call Imp          |     1 |       ||     1
    Use: Potion            |       |     3 ||     3
   Stab: Sleeping          |     1 |       ||     1
 Armour: Robe              |     2 |       ||     2
         Scale mail        |    69 |    20 ||    89
  Dodge: Dodged            |    79 |    12 ||    91
